 Dungeon Crawl Stone Soup version 0.18.1-47-g9310371 (webtiles) character file.

1019 spiff the Destroyer (level 8, 0/41 HPs)
             Began as a Deep Elf Wizard on June 19, 2016.
             Was an Initiate of Kikubaaqudgha.
             Killed by nerve-wracking pain
             ... invoked by Grinder
              (10 damage)
             ... on level 5 of the Dungeon on June 20, 2016.
             The game lasted 00:20:45 (6356 turns).

spiff the Destroyer (Deep Elf Wizard)               Turns: 6356, Time: 00:20:46

Health: 0/41       AC:  4    Str:  9    XL:     8   Next: 2%
Magic:  11/16      EV: 13    Int: 26    God:    Kikubaaqudgha [......]
Gold:   207        SH:  0    Dex: 17    Spells: 4 memorised, 6 levels left

rFire  . . .     SeeInvis .     e - +2 whip (pain)
rCold  . . .     Gourm    .     s - +1 robe "Zuosott" {rPois Str+5 Dex+4} (curse)
rNeg   . . .     Faith    .     (no shield)
rPois  +         Spirit   .     b - +0 hat
rElec  .         Dismiss  .     y - +0 cloak {rPois}
rCorr  .         Reflect  .     (no gloves)
SustAt .         Harm     .     (no boots)
MR     .....                    (no amulet)
Stlth  ++........               (no ring)
                                (no ring)

@: very slightly contaminated, not resistant to hostile enchantments, unstealthy
A: no striking features
a: Renounce Religion


You were on level 5 of the Dungeon.
You worshipped Kikubaaqudgha.
Kikubaaqudgha was noncommittal.
You were hungry.

You visited 2 branches of the dungeon, and saw 6 of its levels.

You collected 207 gold pieces.

Inventory:

Hand Weapons
 e - a +2 whip of pain (weapon)
 g - a +0 flail of protection
Armour
 a - a +0 robe
 b - a +0 hat (worn)
 s - the cursed +1 robe "Zuosott" (worn) {rPois Str+5 Dex+4}
   (You found it on level 4 of the Dungeon)

   It affects your strength (+5).
   It affects your dexterity (+4).
   It protects you from poison.
   It has a curse placed upon it.
 y - a +0 cloak of poison resistance (worn)
Scrolls
 h - a scroll of remove curse
 l - a scroll of immolation {unknown}
 m - 8 scrolls of identify
 u - a scroll of noise {unknown}
 w - a scroll of magic mapping {unknown}
 x - 2 scrolls of enchant weapon {unknown}
Potions
 f - 2 potions of flight
 i - a potion of heal wounds {unknown}
 k - a potion of cancellation {unknown}
 n - a potion of degeneration {unknown}
 o - 2 potions of ambrosia {unknown}
 p - 2 potions of curing {unknown}
 q - a potion of lignification {unknown}
 t - a potion of brilliance {unknown}
 v - a potion of invisibility {unknown}
Books
 c - a book of Minor Magic

   Spells                             Type                      Level
   a - Magic Dart                     Conjuration                  1
   b - Blink                          Translocation                2
   c - Call Imp                       Summoning                    2
   d - Repel Missiles                 Charms/Air                   2
   e - Slow                           Hexes                        2
   f - Conjure Flame                  Conjuration/Fire             3
   g - Mephitic Cloud                 Conjuration/Poison/Air       3
Comestibles
 d - 4 bread rations
 j - 2 slices of pizza
 r - a meat ration


   Skills:
 - Level 2.4 Dodging
 - Level 2.4 Stealth
 - Level 4.4 Spellcasting
 - Level 8.5 Conjurations
   Level 1.1 Summonings
 + Level 5.9 Necromancy
 - Level 1.1 Translocations


You had 6 spell levels left.
You knew the following spells:

 Your Spells              Type           Power        Failure   Level  Hunger
a - Magic Dart            Conj           ####         1%          1    None
b - Blink                 Tloc           N/A          10%         2    None
e - Conjure Flame         Conj/Fire      ####....     6%          3    ##.....
q - Mephitic Cloud        Conj/Pois/Air  ###.....     10%         3    ##.....


Dungeon Overview and Level Annotations

Branches:
Dungeon (5/15)             Temple (1/1) D:5

Altars:
Ashenzari
Cheibriados
Dithmenos
Elyvilon
Gozag
Kikubaaqudgha
Okawaru
Pakellas
Qazlal
Ru
Sif Muna
Trog
Vehumet
Xom
The Shining One

Annotations:
D:3 raph's ghost, amateur DEEn
D:4 TBriggs11TB's ghost, amateur DsAK
D:5 Grinder


Message History

You are very lightly contaminated with residual magic.
The world appears momentarily distorted!
Grinder barely misses you.
Casting: Blink
Confirm with . or Enter, or press ? or * to list all spells.
You blink.
Grinder blinks!
Grinder gestures at you. You resist with some effort. Grinder gestures at you.
Pain shoots through your body!
* * * LOW HITPOINT WARNING * * *
Grinder gestures at you.
You suddenly lose the ability to move!
Grinder says, "I used to sell toenails on the black market."
You can move again.
Grinder gestures at you. Pain shoots through your body!
You die...
Kikubaaqudgha rasps: "You have failed me!
Welcome... death!"

#..(.##.#...#.....####...
#.#..##.##..###'### ##.#
#.#.###.###.....# ###
#.#.# #.# ##...## #.#.#
#. ##'## #.# ##### #.#
#.... #######.## #.###
#.@......## #.#
##.#####5..# #.#
.##......#..## #.#
#.........#.#######.#
###..###..#5........# #..
#..#.#########
#..#+#....#
#......##>####
###..........#


You could see Grinder.

Vanquished Creatures
  Sigmund (D:5)
  Eustachio (D:5)
  A centaur (D:5)
  A crimson imp (D:5)
  2 hounds (D:4)
  2 centaur skeletons (D:4)
  2 orc priests (D:4)
  Ijyb (D:1)
  3 orc wizards
  4 worker ants
  A worker ant zombie (D:5)
  2 howler monkey skeletons (D:4)
  4 gnolls (D:3)
  6 adders
  A shadow imp (D:5)
  6 worms
  3 dart slugs
  4 giant geckos
  7 orcs
  5 giant cockroaches
  6 goblins
  5 hobgoblins
  9 jackals
  A quokka (D:3)
  A ball python (D:1)
  12 bats
  9 giant newts
  8 kobolds
  9 rats
117 creatures vanquished.

Vanquished Creatures (others)
  A hippogriff (D:5)
1 creature vanquished.

Grand Total: 118 creatures vanquished

Notes
Turn   | Place    | Note
--------------------------------------------------------------
     0 | D:1      | spiff the Deep Elf Wizard began the quest for the Orb.
     0 | D:1      | Reached XP level 1. HP: 10/10 MP: 7/7
   131 | D:1      | Reached skill level 2 in Conjurations
   370 | D:1      | Reached XP level 2. HP: 15/15 MP: 6/9
   747 | D:1      | Learned a level 2 spell: Blink
   769 | D:1      | Reached skill level 3 in Conjurations
  1169 | D:2      | Reached XP level 3. HP: 15/19 MP: 5/10
  1174 | D:2      | Learned a level 3 spell: Conjure Flame
  1178 | D:2      | Learned a level 3 spell: Mephitic Cloud
  1438 | D:2      | Noticed Ijyb
  1533 | D:1      | Killed Ijyb
  1533 | D:1      | Reached skill level 4 in Conjurations
  1533 | D:1      | Reached XP level 4. HP: 16/24 MP: 1/12
  2084 | D:2      | Found a sacrificial altar of Ru.
  2099 | D:2      | Reached skill level 5 in Conjurations
  2392 | D:3      | Noticed raph's ghost (amateur DEEn)
  2589 | D:3      | Reached XP level 5. HP: 28/28 MP: 5/13
  3178 | D:3      | Reached skill level 6 in Conjurations
  3612 | D:4      | Noticed TBriggs11TB's ghost (amateur DsAK)
  3786 | D:4      | Reached XP level 6. HP: 32/32 MP: 8/14
  3887 | D:4      | Got a thick robe
  3898 | D:4      | Identified the cursed +1 robe "Zuosott" {rPois Str+5 Dex+4} (You found it on level 4 of the Dungeon)
  3914 | D:4      | Reached skill level 7 in Conjurations
  4318 | D:5      | Entered Level 5 of the Dungeon
  4647 | D:5      | Found an oddly glowing altar of Pakellas.
  4647 | D:5      | Noticed an orange crystal statue
  4648 | D:5      | Noticed a hippogriff
  4661 | D:5      | Killed a hippogriff
  4691 | D:5      | Noticed Grinder
  4801 | D:5      | Found a staircase to the Ecumenical Temple.
  4801 | D:5      | Noticed Eustachio
  4818 | D:5      | Killed Eustachio
  4818 | D:5      | Reached skill level 8 in Conjurations
  4818 | D:5      | Reached XP level 7. HP: 36/36 MP: 1/15
  4930 | Temple   | Entered the Ecumenical Temple
  4983 | Temple   | Became a worshipper of Kikubaaqudgha
  5044 | D:5      | Reached skill level 1 in Necromancy
  5086 | D:5      | Found a snail-covered altar of Cheibriados.
  5261 | D:5      | Noticed Sigmund
  5273 | D:5      | Killed Sigmund
  5320 | D:5      | Found a white marble altar of Elyvilon.
  5628 | D:4      | Reached skill level 5 in Necromancy
  6002 | D:4      | Reached XP level 8. HP: 22/41 MP: 10/16
  6338 | D:5      | Paralysed by Grinder for 6 turns
  6351 | D:5      | Paralysed by Grinder for 2 turns
  6356 | D:5      | Killed from afar by Grinder

Skill      XL: |  1  2  3  4  5  6  7 |
---------------+----------------------+-----
Conjurations   | 2 3 4 5 6 8 |  8.5
Necromancy     | 5 |  5.9
Dodging        | |  2.4
Stealth        | |  2.4
Spellcasting   | |  4.4
Summonings     | |  1.1
Translocations | |  1.1

Action                   |  1- 3 |  4- 6 |  7- 9 || total
-------------------------+-------+-------+-------++-------
Melee: Whip              |    66 |    21 |    60 ||   147
       Flail             |       |    10 |     6 ||    16
 Cast: Magic Dart        |    60 |   179 |    34 ||   273
       Mephitic Cloud    |     7 |     8 |     3 ||    18
       Conjure Flame     |       |     4 |       ||     4
       Blink             |       |       |     1 ||     1
  Use: Scroll            |     3 |       |       ||     3
 Stab: Sleeping          |     1 |     1 |       ||     2
       Confused          |     1 |     1 |     1 ||     3
  Eat: Chunk             |     2 |    10 |     5 ||    17
Armor: Robe              |    15 |     9 |    14 ||    38
Dodge: Dodged            |    40 |    27 |    49 ||   116
